 Dungeon Crawl Stone Soup version 0.30.0-15-g856e2d3f33 (webtiles) character file.

Game seed: 4922273565916319979

3765 RascalDebosk the Fighter (level 10, -2/76 HPs)
             Began as a Djinni Conjurer on May 17, 2023.
             Was an Initiate of Ashenzari.
             Killed from afar by sirJeffrey23's ghost (7 damage)
             ... with a magic dart
             ... on level 6 of the Dungeon on May 18, 2023.
             The game lasted 00:54:36 (5780 turns).

RascalDebosk the Fighter (Djinni Conjurer)          Turns: 5780, Time: 00:54:37

Health: -2/76      AC:  8    Str:  6    XL:     10   Next: 38%
Gold:   527        EV: 12    Int: 23    God:    Ashenzari [......] SH:  0 Dex: 19

rFire   + + +        s - +2 dagger (elec)
rCold   . . .        (no shield)
rNeg    . . .        r - +0 troll leather armour
rPois   ∞            (no helmet)
rElec   .            J - scarf {rC+ rF+}
rCorr   .            (no gloves)
SInv    .            (boots unavailable)
Will    +....        j - amulet of regeneration
Stlth   ++           c - +4 ring of protection
HPRegen 1.92/turn    o - +6 ring of dexterity
MPRegen 0.00/turn

%: infuse magic (-3 HP)
@: flying, very slightly contaminated
A: sickness immunity, fire resistance 2, cold vulnerability 1, float, innate
caster, HP casting, extra vitality 1
a: Renounce Religion


You were on level 6 of the Dungeon.
You worshipped Ashenzari.
Ashenzari was noncommittal.
You visited 2 branches of the dungeon, and saw 9 of its levels.
You also visited: Ossuary.

You collected 527 gold pieces.

Inventory:

Hand Weapons
 s - a +2 dagger of electrocution (weapon)
Missiles
 a - a throwing net {@!f}
Armour
 r - a +0 troll leather armour (worn)
 J - a scarf of resistance (worn)
Jewellery
 c - a +4 ring of protection (left hand)
 j - an amulet of regeneration (around neck)
 o - a +6 ring of dexterity (right hand)
 B - an amulet of faith
 I - a ring of protection from cold
Wands
 u - a wand of paralysis (12)
Scrolls
 b - a scroll of summoning {unknown}
 e - 2 scrolls of teleportation {unknown}
 g - 2 scrolls of fog {unknown}
 h - a scroll of brand weapon {unknown}
 i - 6 scrolls of identify {unknown}
 m - 5 scrolls of poison {unknown}
 p - 5 scrolls of immolation {unknown}
 w - 2 scrolls of magic mapping {unknown}
 y - a scroll of noise {unknown}
 A - a scroll of blinking {unknown}
 C - a scroll of enchant weapon {unknown}
 D - 2 scrolls of enchant armour {unknown}
 E - 2 scrolls of fear {unknown}
 G - a scroll of amnesia {unknown}
Potions
 d - 2 potions of heal wounds {unknown}
 f - 3 potions of haste {unknown}
 k - 2 potions of magic {unknown}
 l - 3 potions of might {unknown}
 n - 3 potions of attraction {unknown}
 q - a potion of brilliance {unknown}
 t - a potion of ambrosia {unknown}
 v - a potion of lignification {unknown}
 x - 4 potions of curing {unknown}
 z - a potion of degeneration {unknown}
 F - a potion of flight {unknown}
 H - 4 potions of resistance {unknown}


   Skills:
 * Level 8.1 Fighting
 + Level 4.9 Short Blades
 + Level 5.4 Armour
 - Level 2.1 Dodging
 - Level 1.5 Stealth
 * Level 7.4 Spellcasting


You knew the following spells:

 Your Spells              Type           Power      Damage    Failure   Level
a - Magic Dart            Conj           100%       1d8       1%          1
b - Searing Ray           Conj           86%        2d7       1%          2
c - Dazzling Flash        Conj/Hex       86%        N/A       1%          3
d - Fulminant Prism       Conj/Hex       21%        3d12      4%          4
e - Iskenderun's Mystic   Conj/Tloc      43%        2d10      4%          4
f - Kiss of Death         Conj/Necr      100%       2d13      1%          1
g - Lesser Beckoning      Tloc           86%        N/A       1%          2
h - Portal Projectile     Hex/Tloc       86%        N/A       1%          3
i - Call Canine Familiar  Summ           43%        N/A       1%          3
Your spell library was empty.

Dungeon Overview and Level Annotations

Branches:
Dungeon (8/15)             Temple (1/1) D:6         Ossuary (visited)
   Lair: D:8-11

Altars:
Ashenzari
Cheibriados
Dithmenos
Elyvilon
Fedhas
Gozag
Hepliaklqana
Makhleb
Nemelex Xobeh
Qazlal
Ru
Trog
Uskayaw
Yredelemnul
Zin
The Shining One

Annotations:
D:6 sirJeffrey23's ghost, novice DrCj


Innate Abilities, Weirdness & Mutations

You are immune to sickness and miasma.
You are immune to poison.
Your flesh is very heat resistant. (rF++)
You are vulnerable to cold. (rC-)
You float through the air rather than walking.
You learn spells naturally, not from books.
Your magical power is your life essence.
You have superior vitality. (+4 MHP)


Message History

SirJeffrey23's ghost is moderately damaged.
SirJeffrey23's ghost is knocked back by the mystic blast.
Casting: Iskenderun's Mystic Blast (dangerous; 4% risk of failure)
Confirm with . or Enter, or press ? or * to list all spells.
You erupt in a blast of force!
The mystic blast hits sirJeffrey23's ghost.
SirJeffrey23's ghost is moderately damaged.
SirJeffrey23's ghost is knocked back by the mystic blast.
Casting: Iskenderun's Mystic Blast (dangerous; 4% risk of failure)
Confirm with . or Enter, or press ? or * to list all spells.
You erupt in a blast of force!
The mystic blast hits sirJeffrey23's ghost but does no damage.
SirJeffrey23's ghost is moderately damaged.
SirJeffrey23's ghost misses you.
Casting: Iskenderun's Mystic Blast (dangerous; 4% risk of failure)
Confirm with . or Enter, or press ? or * to list all spells.
You erupt in a blast of force!
The mystic blast hits sirJeffrey23's ghost!
SirJeffrey23's ghost is moderately damaged.
SirJeffrey23's ghost is knocked back by the mystic blast.
SirJeffrey23's ghost hits you.
Casting: Iskenderun's Mystic Blast (dangerous; 4% risk of failure)
Confirm with . or Enter, or press ? or * to list all spells.
You erupt in a blast of force!
The mystic blast hits sirJeffrey23's ghost.
SirJeffrey23's ghost is heavily damaged.
SirJeffrey23's ghost is knocked back by the mystic blast.
* * * LOW HITPOINT WARNING * * *
Casting: Iskenderun's Mystic Blast (dangerous; 4% risk of failure)
Confirm with . or Enter, or press ? or * to list all spells.
You erupt in a blast of force!
The mystic blast hits sirJeffrey23's ghost!
SirJeffrey23's ghost is heavily damaged.
SirJeffrey23's ghost is knocked back by the mystic blast.
* * * LOW HITPOINT WARNING * * *
Casting: Iskenderun's Mystic Blast (dangerous; 4% risk of failure)
Confirm with . or Enter, or press ? or * to list all spells.
You erupt in a blast of force!
The mystic blast hits sirJeffrey23's ghost but does no damage.
SirJeffrey23's ghost is heavily damaged.
* * * LOW HITPOINT WARNING * * *
SirJeffrey23's ghost points at you and mumbles some strange words.
The magic dart hits you.
* * * LOW HITPOINT WARNING * * *
Casting: Iskenderun's Mystic Blast (dangerous; 4% risk of failure)
Confirm with . or Enter, or press ? or * to list all spells.
You erupt in a blast of force!
The mystic blast hits sirJeffrey23's ghost.
SirJeffrey23's ghost is severely damaged.
SirJeffrey23's ghost is knocked back by the mystic blast.
* * * LOW HITPOINT WARNING * * *
Casting: Iskenderun's Mystic Blast (dangerous; 4% risk of failure)
Confirm with . or Enter, or press ? or * to list all spells.
You erupt in a blast of force!
The mystic blast hits sirJeffrey23's ghost!
SirJeffrey23's ghost is almost destroyed.
SirJeffrey23's ghost is knocked back by the mystic blast.
* * * LOW HITPOINT WARNING * * *
SirJeffrey23's ghost hits you.
* * * LOW HITPOINT WARNING * * *
Casting: Iskenderun's Mystic Blast (dangerous; 4% risk of failure)
Confirm with . or Enter, or press ? or * to list all spells.
You erupt in a blast of force!
The mystic blast hits sirJeffrey23's ghost but does no damage.
SirJeffrey23's ghost is almost destroyed.
* * * LOW HITPOINT WARNING * * *
SirJeffrey23's ghost hits you but does no damage.
Casting: Iskenderun's Mystic Blast (dangerous; 4% risk of failure)
Confirm with . or Enter, or press ? or * to list all spells.
You miscast Iskenderun's Mystic Blast.
You are very lightly contaminated with residual magic.
Nothing appears to happen.
* * * LOW HITPOINT WARNING * * *
SirJeffrey23's ghost casts a spell at you.
The magic dart hits you.
* * * LOW HITPOINT WARNING * * *
Casting: Iskenderun's Mystic Blast (dangerous; 4% risk of failure)
Confirm with . or Enter, or press ? or * to list all spells.
You erupt in a blast of force!
The mystic blast hits sirJeffrey23's ghost but does no damage.
SirJeffrey23's ghost is almost destroyed.
* * * LOW HITPOINT WARNING * * *
SirJeffrey23's ghost points at you and mumbles some strange words.
The magic dart hits you!
* * * LOW HITPOINT WARNING * * *
Casting: Iskenderun's Mystic Blast (dangerous; 4% risk of failure)
Confirm with . or Enter, or press ? or * to list all spells.
You can't see any susceptible monsters within range! (Use Z to cast anyway.)
Casting: Iskenderun's Mystic Blast (dangerous; 4% risk of failure)
Confirm with . or Enter, or press ? or * to list all spells.
Aiming: Searing Ray (safe; 1% risk of failure)
Press: ? - help, Shift-Dir - straight line, f - sirJeffrey23's ghost
Aim: sirJeffrey23's ghost (almost destroyed, 75% to hit)
The searing ray hits sirJeffrey23's ghost.
SirJeffrey23's ghost is almost destroyed. (Press . to maintain the ray.)
* * * LOW HITPOINT WARNING * * *
SirJeffrey23's ghost casts a spell at you.
The magic dart hits you!
You die...

..........#.......#.#
###+###.#
..........#.......#.#
#.....# ....)...#.# .....
#.# #######
#......##.#########.#
.#...####...........#
.....######......####
####.....###...###
#####.........#
#########@##### ###
~)~~~~W.....#### #.##
#######........#####
#..##
##.#..#..###........#####
#...## #.....####
#####........# #.#..##
#......## ####......
#.##..###.......###
#####..
#.###.............## ##.
..'.##..#..........##
##..


You could see sirJeffrey23's ghost.

Vanquished Creatures
  A steam dragon (D:7)
  Menkaure (D:5)
  3 water moccasins
  An ice beast (D:6)
  3 black bears
  2 sky beasts
  6 ogres
  2 centaurs
  3 phantoms
  3 bullfrogs
  A kobold brigand (D:7)
  3 scorpions
  A water moccasin zombie (Ossuary)
  5 wights
  A howler monkey (D:6)
  A bullfrog zombie (Ossuary)
  4 hounds
  4 centaur zombies (Ossuary)
  A gnoll bouda (D:7)
  5 iguanas
  4 sleepcaps
  An orc wizard (D:7)
  Natasha (twice) (D:2)
  2 scorpion zombies (Ossuary)
  2 ogre zombies (Ossuary)
  A mummy (D:6)
  5 gnolls (D:7)
  9 adders
  A shadow imp (D:6)
  4 white imps
  5 adder zombies (Ossuary)
  3 worms
  3 dart slugs
  15 orcs
  3 bats
  7 endoplasms
  3 giant cockroaches
  8 goblins
  5 hobgoblins
  5 quokkas
  4 ball pythons
  3 frilled lizards
  2 gnoll zombies (Ossuary)
  3 goblin zombies (Ossuary)
  4 hobgoblin zombies
  7 kobolds
  A kobold zombie (D:6)
  7 orc zombies (Ossuary)
  6 rats
176 creatures vanquished.

Vanquished Creatures (others)
  21 fulminant prisms
21 creatures vanquished.

Grand Total: 197 creatures vanquished

Notes
Turn   | Place    | Note
-------+----------+-------------------------------------------
     0 | D:1      | RascalDebosk the Djinni Conjurer began the quest for the
                  | Orb.
     0 | D:1      | RascalDebosk set off with the following spells memorised:
                  | Magic Dart, Searing Ray, Dazzling Flash, Fulminant Prism,
                  | Iskenderun's Mystic Blast.
     0 | D:1      | Reached XP level 1. HP: 15/15 MP: 0/0
   171 | D:1      | Reached XP level 2. HP: 20/21 MP: 0/0
   399 | D:1      | Found a faded altar of an unknown god.
   935 | D:2      | Reached XP level 3. HP: 17/25 MP: 0/0
   935 | D:2      | Learned a level 1 spell: Kiss of Death
  1141 | D:2      | Reached XP level 4. HP: 31/31 MP: 0/0
  1450 | D:2      | Reached skill level 1 in Fighting
  1509 | D:2      | Noticed Natasha
  1516 | D:2      | Killed Natasha
  1690 | D:2      | Noticed Natasha
  1695 | D:2      | Killed Natasha
  1696 | D:2      | Reached XP level 5. HP: 38/38 MP: 0/0
  1696 | D:2      | Learned a level 2 spell: Lesser Beckoning
  1905 | D:3      | Reached skill level 1 in Short Blades
  1921 | D:3      | Found a stormy altar of Qazlal.
  1941 | D:3      | Reached skill level 1 in Armour
  2036 | D:3      | Reached skill level 2 in Fighting
  2394 | D:4      | Noticed a phantom
  2402 | D:4      | Killed a phantom
  2403 | D:4      | Reached XP level 6. HP: 45/45 MP: 0/0
  2415 | D:4      | Noticed a black bear
  2425 | D:4      | Killed a black bear
  2426 | D:4      | Reached skill level 3 in Fighting
  2517 | D:4      | Reached XP level 7. HP: 49/50 MP: 0/0
  2517 | D:4      | Learned a level 3 spell: Portal Projectile
  2567 | D:4      | Reached skill level 5 in Spellcasting
  2608 | D:4      | Found a snail-covered altar of Cheibriados.
  3045 | D:5      | Entered Level 5 of the Dungeon
  3085 | D:5      | Reached skill level 4 in Fighting
  3096 | D:5      | Reached XP level 8. HP: 56/58 MP: 0/0
  3099 | D:5      | Noticed Menkaure
  3103 | D:5      | Killed Menkaure
  3215 | D:5      | Reached skill level 5 in Fighting
  3403 | D:5      | HP: 2/60 [ogre/+0 giant club (17)]
  3406 | D:5      | Reached XP level 9. HP: 6/66 MP: 0/0
  3406 | D:5      | Learned a level 3 spell: Call Canine Familiar
  3796 | D:6      | Reached skill level 6 in Fighting
  3918 | D:6      | Found a sand-covered staircase.
  3922 | Ossuary  | Entered an ossuary
  4206 | Ossuary  | Noticed a silent spectre
  4294 | D:6      | Found a runed translucent door.
  4335 | D:6      | Found a staircase to the Ecumenical Temple.
  4351 | Temple   | Entered the Ecumenical Temple
  4409 | D:6      | Reached skill level 7 in Fighting
  4548 | D:6      | Found an opulent altar of Gozag.
  4605 | D:6      | Found a glowing silver altar of Zin.
  4637 | D:6      | Noticed sirJeffrey23's ghost (novice DrCj)
  4908 | D:7      | Reached XP level 10. HP: 65/75 MP: 0/0
  5052 | D:7      | Reached skill level 5 in Armour
  5119 | D:7      | Found a flagged portal.
  5246 | D:7      | Found a sacrificial altar of Ru.
  5317 | D:7      | Reached skill level 8 in Fighting
  5668 | D:8      | Found a broken altar of Ashenzari.
  5684 | D:8      | Became a worshipper of Ashenzari the Shackled
  5685 | D:8      | Upgraded the game from 0.30.0-13-g156ef70053 to
                  | 0.30.0-15-g856e2d3f33
  5780 | D:6      | Killed from afar by sirJeffrey23's ghost

Illustrated notes

Levels and vault maps discovered:
D:1:      giann_horns, layout_basic, hellmonk_ecumenical_altar_heavens_door,
          minmay_crystal_water
D:2:      layout_basic, serial_co_window_serial, co_window_corner_a,
          co_window_corner_a, co_window_paths_b, co_window_paths_a,
          co_window_paths_a, co_window_of_opportunity_b, co_window_broadway_a,
          co_window_broadway_c, co_window_broadway_b, co_window_cross_2,
          co_window_cross_4, co_window_paths_e, glass_columns_c,
          glass_columns_c, uniq_natasha
D:3:      layout_loops_cross, mainiacjoe_overflow_boulevard
D:4:      layout_rooms, nicolae_overflow_crystal_walls, serial_rivers,
          chequers_serial_rivers_small_3, chequers_serial_rivers_micro_b,
          chequers_serial_rivers_micro_a, chequers_serial_rivers_small_a
D:5:      layout_rooms, chequers_hall_statues_wall_a,
          chequers_serial_rivers_small_a, grunt_decor_junction, uniq_menkaure
D:6:      layout_cave_pods, lemuel_tele_altar, kennysheep_little_box,
          minmay_temple_entry_waves, ebering_ghost_sewer_d,
          nicolae_ossuary_entry_giza
D:7:      layout_basic, mainiacjoe_overflow_six_doors_small, enter_bailey_2,
          grunt_ministairs_13
D:8:      layout_loops_ring, general_overflow_altar, xom_butterflies,
          mainiacjoe_overflow_24_doors, minmay_misc_feat_encased
Temple:   hellmonk_temple_two_chambers

Skill      XL: |  1  2  3  4  5  6  7  8  9 10 |
---------------+-------------------------------+-----
Spellcasting   | 4 5 6 7 |  7.4
Fighting       | 1 2 3 4 5 7 8 |  8.1
Short Blades   | 1 2 3 4 |  4.9
Armour         | 1 2 3 4 5 |  5.4
Dodging        | |  2.1
Stealth        | |  1.5

Action                     |  1- 3 |  4- 6 |  7- 9 | 10-12 || total
---------------------------+-------+-------+-------+-------++-------
  Melee: Dagger            |     7 |       |    73 |       ||    80
         Punch             |       |       |     3 |       ||     3
   Cast: Magic Dart        |    35 |    77 |   103 |    16 ||   231
         Searing Ray       |     3 |     4 |    32 |    13 ||    52
         Fulminant Prism   |       |     1 |    14 |     6 ||    21
         Iskenderun's Myst |       |     4 |    31 |    30 ||    65
  Evoke: Wand              |       |       |     1 |       ||     1
   Stab: Paralysed         |       |       |     1 |       ||     1
 Armour: Robe              |     5 |     3 |       |       ||     8
         Troll leather arm |       |     4 |    76 |     7 ||    87
  Dodge: Dodged            |    12 |     2 |    96 |     5 ||   115
